 Dungeon Crawl Stone Soup version 0.30-a0-1163-gf69bf04e7a (webtiles) character file.

Game seed: 1829225544563597322

37 Esekla the Sneak (level 3, -1/26 HPs)
             Began as an Octopode Delver on Apr 28, 2023.
             Was an Initiate of Gozag.
             Slain by a mummy (18 damage)
             ... in an ossuary.
             The game lasted 00:04:19 (448 turns).

Esekla the Sneak (Octopode Delver)                   Turns: 448, Time: 00:04:20

Health: -1/26      AC:  1    Str: 11    XL:     3   Next: 39%
Magic:  3/4        EV: 13    Int: 14    God:    Gozag
Gold:   87         SH:  0    Dex: 13    Spells: 3/3 levels left

rFire   . . .        a - +0 falchion
rCold   . . .        (no shield)
rNeg    . . .        (helmet restricted)
rPois   .            (no amulet)
rElec   .            (no ring)
rCorr   .            (no ring)
SInv    .            (no ring)
Will    .....        (no ring)
Stlth   ++++         (no ring)
HPRegen 0.24/turn    (no ring)
MPRegen 0.09/turn    (no ring)
                     (no ring)

%: no passive effects
@: no status effects
A: almost no armour, amphibious, 8 rings, camouflage 1, gelatinous body 1,
(nimble swimmer 1), tentacles
a: Renounce Religion, Potion Petition, Call Merchant, Bribe Branch


You were in an ossuary.
You worshipped Gozag.
Gozag was noncommittal.
You visited 1 branch of the dungeon, and saw 2 of its levels.
You also visited: Ossuary.

You collected 102 gold pieces.
You paid 15 gold pieces to Gozag.

Inventory:

Hand Weapons
 a - a +0 falchion (weapon)
Missiles
 d - 3 poisoned darts (quivered)
Jewellery
 g - an amulet of magic regeneration
Wands
 f - a wand of digging (3)
 l - a wand of iceblast (9)
Scrolls
 b - a scroll of fog
 e - a scroll of immolation {unknown}
 h - 2 scrolls of brand weapon {unknown}
 j - a scroll of noise {unknown}
 k - a scroll of blinking {unknown}
 o - a scroll of summoning {unknown}
Potions
 c - a potion of magic {unknown}
 i - a potion of degeneration {unknown}
 m - a potion of heal wounds {unknown}
 n - 2 potions of haste


   Skills:
 * Level 3.2 Fighting
 * Level 2.3 Long Blades
 * Level 2.2 Dodging
 + Level 7.2 Stealth
 * Level 0.8 Spellcasting


You had 3 spell levels left.
You didn't know any spells.
Your spell library was empty.

Dungeon Overview and Level Annotations

Branches:
Dungeon (5/15)            Ossuary (1/1)
 Temple: D:4-7

Altars:
Gozag


Innate Abilities, Weirdness & Mutations

You cannot wear most types of armour.
You are amphibious.
You can wear up to eight rings at the same time.
Your skin changes colour to match your surroundings (Stealth+).
Your rubbery body absorbs attacks. (AC +1, EV +1)
((You are camouflaged when in or above water. (Stealth+)))
You have tentacles for arms and can constrict up to eight enemies at once.


Message History

Found a gate leading back out of this place.
There is an empty arch of ancient stone here.
You open the door.
A bog mummy comes into view.
A bog mummy comes into view.
There is an open door here.
Something unseen opens the door.
Okay, then.
Search for what [? for help]? dagger You enter the shallow water.
A bog mummy comes into view.
The helpless bog mummy fails to defend itself.
You slash the bog mummy! You grab the bog mummy.
The bog mummy is heavily damaged.
You constrict the bog mummy, but do no damage.
You completely miss the bog mummy. You squeeze the bog mummy!
The bog mummy is almost destroyed.
You constrict the bog mummy.
A mummy comes into view.
The bog mummy closely misses you.
You hit the bog mummy.
You destroy the bog mummy!
Your Stealth skill increases to level 7!
You have reached level 3!
Your experience leads to an increase in your attributes!
Increase (S)trength, (I)ntelligence, or (D)exterity?
You feel clever. x2
A mummy comes into view.
The bog mummy points at you and mumbles some strange words.
The puff of frost hits you!
There is an open door here.
You close the door.
You start resting.
A mummy opens the door.
You slash the mummy! You grab the mummy. You tentacle-slap the mummy.
The mummy is heavily damaged.
You constrict the mummy. The mummy hits you!!
Ouch! That really hurt!
You die...
Your body crumbles into a pile of gold.

#### ####≈~##
#≈$#P~.#
#≈~##.~.#~#+#'#+
#~.M~~.M~.M..M.
#≈≈##~.##M##+##+
# #~P..#@..#
≈≈#≈#~#.∩.# #≈
#M~.#..∩# ≈ ~
#~##### #~ +.


You could see a mummy and a bog mummy.

Vanquished Creatures
  A mummy (Ossuary)
  2 dart slugs (D:4)
  A quokka (D:4)
  2 goblins (D:4)
  A kobold (D:4)
7 creatures vanquished.

Vanquished Creatures (others)
  A withered plant (Ossuary)
1 creature vanquished.

Grand Total: 8 creatures vanquished

Notes
Turn   | Place    | Note
-------+----------+-------------------------------------------
     0 | D:5      | Esekla the Octopode Delver began the quest for the Orb.
     0 | D:5      | Reached XP level 1. HP: 16/16 MP: 1/1
    26 | D:5      | Noticed a black bear
    27 | D:5      | Noticed an ogre
    31 | D:5      | Noticed a phantom
    34 | D:5      | Noticed an iguana
    45 | D:5      | Found an opulent altar of Gozag.
    53 | D:5      | Became a worshipper of Gozag Ym Sagoz the Greedy
    89 | D:5      | Noticed a scorpion
   244 | D:4      | Reached XP level 2. HP: 21/21 MP: 2/2
   403 | D:4      | Found a sand-covered staircase.
   428 | Ossuary  | Entered an ossuary
   437 | Ossuary  | Reached skill level 7 in Stealth
   437 | Ossuary  | Reached XP level 3. HP: 26/26 MP: 2/4
   448 | Ossuary  | Slain by a mummy

Illustrated notes

Levels and vault maps discovered:
D:4:      layout_loops_ring, nicolae_ossuary_entry_monument
D:5:      layout_basic, mainiacjoe_overflow_boulevard,
          gammafunk_ghost_nasty_kobolds
Ossuary:  ossuary_zaba_flooded

Skill      XL: |  1  2 |
---------------+-------+-----
Stealth        | 7 |  7.2
Fighting       | |  3.2
Long Blades    | |  2.3
Dodging        | |  2.2
Spellcasting   | |  0.8

Action                     || total
---------------------------++-------
  Melee: Falchion          ||    14
         Constrict         ||     6
         Tentacles         ||     2
         Punch             ||     1
    Use: Scroll            ||     2
         Potion            ||     1
   Stab: Sleeping          ||     3
 Armour: Skin              ||     1
  Dodge: Dodged            ||     9

Table legend: (Time is in decaauts)
 A = Elapsed time spent in this place.
 B = Non-inter-level travel time spent in this place.
 C = Inter-level travel time spent in this place.
 D = Time resting spent in this place.
 E = Time spent auto-exploring this place.
 F = Levels seen in this place.
 G = Mean time per level.
                   A        B        C        D        E       F      G
               +--------+--------+--------+--------+--------+-----+--------+
         Total |    436 |    436 |      0 |      5 |     25 |   3 |  145.3 |
       Dungeon |    416 |    416 |      0 |      0 |     25 |   2 |  208.0 |
       Ossuary |     20 |     20 |      0 |      5 |      0 |   1 |   20.0 |
               +--------+--------+--------+--------+--------+-----+--------+

Top non-repeatable levels by time:
     D:4: 336 daAuts
     D:5: 79 daAuts
 Ossuary: 20 daAuts
